 Dungeon Crawl Stone Soup version 0.19.0-11-g3fc08b3 (webtiles) character file.

4540 Joat the Covert (level 10, -18/90 HPs)
             Began as a Naga Fighter on Nov 9, 2016.
             Was a Believer of Cheibriados.
             Demolished by Snorg (21 damage)
             ... on level 10 of the Dungeon.
             The game lasted 01:21:22 (8605 turns).

Joat the Covert (Naga Fighter)                      Turns: 8605, Time: 01:21:23

Health: -18/90     AC: 19    Str: 25    XL:     10   Next: 40%
Magic:  11/12      EV: 13    Int: 14    God:    Cheibriados [**....]
Gold:   73         SH:  8    Dex: 20    Spells: 1 memorised, 6 levels left

rFire  . . .     SeeInvis +     a - +3 trident
rCold  . . .     Gourm    .     H - +3 leather armour
rNeg   . . .     Faith    .     K - +2 buckler {AC+3}
rPois  +         Spirit   .     J - +2 helmet
rElec  .         Reflect  .     v - +2 cloak
rCorr  .         Harm     .     x - +0 pair of gloves
MR     +....                    (no barding)
Stlth  ++++......               p - amulet of regeneration
                                (no ring)
                                (no ring)

@: about to teleport, very slightly contaminated, very slow
A: see invisible, deformed body, poison resistance, slowness 2, slow metabolism
1, spit poison 1, AC +3
a: Spit Poison, Bend Time, Renounce Religion


You were on level 10 of the Dungeon.
You worshipped Cheibriados.
Cheibriados was pleased with you.
You were hungry.

You visited 2 branches of the dungeon, and saw 13 of its levels.
You also visited: Sewer.

You collected 395 gold pieces.
You spent 322 gold pieces at shops.

Inventory:

Hand Weapons
 a - a +3 trident (weapon)
Missiles
 E - 2 throwing nets (quivered)
Armour
 c - a +1 shield
 h - a +0 buckler
 v - a +2 cloak (worn)
 x - a +0 pair of gloves (worn)
 H - a +3 leather armour (worn)
 J - a +2 helmet (worn)
 K - a +2 buckler of protection (worn)
Magical Staves
 b - an uncursed staff of earth
Jewellery
 p - an amulet of regeneration (around neck)
Wands
 t - a wand of flame (16/48)
 u - a wand of slowing (48/48)
 L - a wand of disintegration (6/24)
Scrolls
 e - a scroll of fog
 o - 2 scrolls of teleportation
 y - 4 scrolls of remove curse
 B - 2 scrolls of recharging
 F - 4 scrolls of amnesia
 M - a scroll of magic mapping {unknown}
 N - a scroll of identify
 P - a scroll of holy word {unknown}
Potions
 d - a potion of might
 g - a potion of magic
 j - 4 potions of curing {unknown}
 m - a potion of cancellation
 r - 2 potions of flight
 s - 3 potions of haste {unknown}
 z - a potion of cure mutation
 A - a potion of agility
 I - a potion of brilliance
 Q - a potion of lignification {unknown}
Books
 n - a book of Battle

   Spells                             Type                      Level
   a - Infusion                       Charms                       1
   b - Shroud of Golubria             Charms/Translocation         2
   c - Song of Slaying                Charms                       2
   d - Spectral Weapon                Hexes/Charms                 3
   e - Regeneration                   Charms/Necromancy            3
 C - a book of Callings

   Spells                             Type                      Level
   a - Summon Small Mammal            Summoning                    1
   b - Call Imp                       Summoning                    2
   c - Call Canine Familiar           Summoning                    3
   d - Summon Guardian Golem          Hexes/Summoning              3
   e - Summon Lightning Spire         Summoning/Air                4
   f - Summon Ice Beast               Ice/Summoning                4
Comestibles
 f - 4 bread rations
 i - 3 royal jellies
 k - 3 meat rations
 w - a beef jerky
 D - 2 slices of pizza
 G - 6 fruits


   Skills:
 + Level 5.6 Fighting
 * Level 8.5 Polearms
 + Level 4.8 Armour
 + Level 4.7 Dodging
 - Level 9.2 Stealth
 - Level 4.6 Shields
 + Level 3.6 Invocations


You had 6 spell levels left.
You knew the following spells:

 Your Spells              Type           Power        Failure   Level  Hunger
a - Spectral Weapon       Hex/Chrm       #.......     87%         3    ####...


Dungeon Overview and Level Annotations

Branches:
Dungeon (12/15)            Temple (1/1) D:6             Orc (0/2) D:10
   Lair: D:8-11

Altars:
Ashenzari
Cheibriados
Dithmenos
Elyvilon
Fedhas
Gozag
Hepliaklqana
Kikubaaqudgha
Makhleb
Nemelex Xobeh
Okawaru
Qazlal
Ru
Sif Muna
Trog
Uskayaw
Vehumet
Xom
Yredelemnul
Zin
The Shining One

Shops:
D:5 [   D:8 }

Annotations:
D:5 dig for armor shop
D:6 exclusion: downstairs
D:7 exclusions: slave and 3 more exclusions, Pikel
D:10 Snorg


Innate Abilities, Weirdness & Mutations

You cannot wear boots.
Your serpentine skin is tough. (AC +3)
You have supernaturally acute eyesight. (SInv)
Armour fits poorly on your strangely shaped body.
Your system is resistant to poisons. (rPois)
You cover ground very slowly.
You have a slow metabolism.
You can spit poison.


Message History

* * * LOW HITPOINT WARNING * * *
Snorg barely misses you. The orc closely misses you.
The orc wizard hits you but does no damage.
Snorg bites you!
* * * LOW HITPOINT WARNING * * *
Snorg misses you. Snorg claws you!
* * * LOW HITPOINT WARNING * * *
The orc hits you but does no damage.
The orc wizard hits you but does no damage.
Snorg completely misses you. Snorg closely misses you.
Snorg claws you but does no damage.
Okay, then.
Okay, then.
Okay, then.
As you read the scroll of teleportation, it crumbles to dust.
You feel strangely unstable. You block the orc wizard's attack.
The orc hits you but does no damage. The orc wizard casts a spell at you.
You block the puff of frost. Snorg bites you!!
You die...

#.... #.... ##....
#..... #### ##.....
#.>.### #......
#......### #..#...
#.).....## ##.##...
#.....@T.## #..#####
#....ooo..## ##.##
#.......)..# #..#
##.........## #..#
#..........###.##
##.........##..#
#.......(.##.##
...........#..# ######
.......(......##......


You could see Snorg (berserk), 2 orc wizards and an orc.

Vanquished Creatures
  Joseph (D:8)
  Grinder (D:3)
  A two-headed ogre (D:8)
  Eustachio (D:5)
  A hungry ghost (D:8)
  2 steam dragons (D:6)
  Edmund (D:4)
  Duvessa (D:5)
  4 black bears
  A necrophage (D:6)
  An orc warrior (D:10)
  A phantom (D:8)
  2 sky beasts
  3 ogres
  3 centaurs
  2 big kobolds
  6 bullfrogs
  Dowan (D:5)
  A scorpion (D:5)
  A crimson imp (D:8)
  2 jellies
  Crazy Yiuf (D:5)
  A bullfrog zombie (D:5)
  5 hounds
  4 orc wizards
  A bullfrog skeleton (D:8)
  5 orc priests
  Jessica (D:3)
  3 worker ants
  A hound skeleton (D:5)
  13 adders
  A shadow imp (D:7)
  13 oozes
  4 adder zombies
  2 adder skeletons
  A worm (D:3)
  2 dart slugs
  20 leopard geckos
  26 orcs
  19 ball pythons
  14 giant cockroaches
  9 goblins
  9 hobgoblins
  16 jackals
  4 quokkas
  9 bats
  18 frilled lizards
  A jackal skeleton (D:4)
  A jackal zombie (D:7)
  18 kobolds
  A leopard gecko skeleton (D:5)
  12 rats
272 creatures vanquished.

Vanquished Creatures (others)
  A shadow (D:10)
1 creature vanquished.

Grand Total: 273 creatures vanquished

Notes
Turn   | Place    | Note
-------+----------+-------------------------------------------
     0 | D:1      | Joat the Naga Fighter began the quest for the Orb.
     0 | D:1      | Reached XP level 1. HP: 21/21 MP: 1/1
     2 | D:1      | Noticed an electric eel
   328 | D:1      | Reached XP level 2. HP: 27/28 MP: 2/2
   774 | D:1      | Reached XP level 3. HP: 33/34 MP: 3/3
  1328 | D:2      | Reached XP level 4. HP: 39/42 MP: 4/4
  2066 | D:3      | Found a glowing drain.
  2070 | Sewer    | Entered a sewer
  2156 | Sewer    | Reached XP level 5. HP: 45/49 MP: 5/5
  2636 | Sewer    | Reached XP level 6. HP: 56/56 MP: 6/6
  2676 | Sewer    | Reached skill level 3 in Stealth
  2703 | Sewer    | Reached skill level 4 in Stealth
  2892 | D:3      | Noticed Jessica
  2930 | D:3      | Reached skill level 5 in Stealth
  2982 | D:3      | Killed Jessica
  2982 | D:3      | Reached XP level 7. HP: 62/62 MP: 7/7
  3134 | D:3      | Reached skill level 1 in Dodging
  3140 | D:3      | Noticed Grinder
  3165 | D:3      | Paralysed by Grinder for 5 turns
  3184 | D:3      | Paralysed by Grinder for 7 turns
  3196 | D:3      | Killed Grinder
  3196 | D:3      | Reached skill level 7 in Stealth
  3821 | D:4      | Reached XP level 8. HP: 52/69 MP: 8/8
  3830 | D:4      | Reached skill level 5 in Polearms
  4111 | D:4      | Noticed Edmund
  4153 | D:4      | Killed Edmund
  4407 | D:5      | Entered Level 5 of the Dungeon
  4514 | D:5      | Noticed Duvessa
  4527 | D:5      | Killed Duvessa
  4563 | D:5      | Reached skill level 8 in Stealth
  4566 | D:5      | Noticed Dowan
  4566 | D:5      | Noticed Eustachio
  4572 | D:5      | Killed Dowan
  4587 | D:5      | Killed Eustachio
  4743 | D:5      | Found a runed door.
  4748 | D:5      | Noticed Crazy Yiuf
  4755 | D:5      | Killed Crazy Yiuf
  4755 | D:5      | Reached XP level 9. HP: 75/78 MP: 9/9
  4978 | D:5      | Got a scorched dagger
  4979 | D:5      | Identified the +0 dagger "Ijitrydu" {pierce, rPois Int+7 SInv} (You found it on level 5 of the Dungeon)
  5012 | D:5      | Found Doagh's Armour Boutique.
  5239 | D:5      | Found a shadowy altar of Dithmenos.
  5840 | D:6      | Reached skill level 9 in Stealth
  6033 | D:6      | Reached skill level 5 in Fighting
  6092 | D:6      | Found a staircase to the Ecumenical Temple.
  6101 | Temple   | Entered the Ecumenical Temple
  6157 | Temple   | Became a worshipper of Cheibriados the Contemplative
  6650 | D:7      | Reached skill level 1 in Invocations
  6667 | D:7      | Reached * piety under Cheibriados
  6854 | D:7      | Learned a level 3 spell: Spectral Weapon
  6903 | D:7      | Noticed Pikel
  7124 | D:8      | Found a shimmering altar of Xom.
  7258 | D:8      | Reached XP level 10. HP: 81/87 MP: 10/12
  7492 | D:8      | Found Deika Ase's Gadget Shop.
  7521 | D:8      | Reached ** piety under Cheibriados
  7586 | D:8      | Noticed Joseph
  7605 | D:8      | Killed Joseph
  8043 | D:5      | Bought a +2 buckler of protection for 322 gold pieces
  8375 | D:9      | You fall through a shaft for 3 floors!
  8409 | D:10     | Entered Level 10 of the Dungeon
  8578 | D:10     | Noticed Snorg
  8594 | D:10     | Found a staircase to the Orcish Mines.
  8604 | D:10     | HP: 2/90 [Snorg (11)]
  8605 | D:10     | Demolished by Snorg

Skill      XL: |  1  2  3  4  5  6  7  8  9 10 |
---------------+-------------------------------+-----
Shields        | 3 4 |  4.6
Polearms       | 3 4 6 7 8 |  8.5
Stealth        | 5 7 8 9 |  9.2
Dodging        | 2 3 4 |  4.7
Armour         | 3 4 |  4.8
Fighting       | 4 5 |  5.6
Invocations    | 2 3 |  3.6

Action                   |  1- 3 |  4- 6 |  7- 9 | 10-12 || total
-------------------------+-------+-------+-------+-------++-------
Melee: Trident           |   118 |   306 |   493 |   132 ||  1049
Invok: Bend Time         |       |       |       |     1 ||     1
 Abil: Spit Poison       |     3 |    13 |    49 |     9 ||    74
Evoke: Wand              |       |       |       |     1 ||     1
  Use: Scroll            |       |     9 |    14 |     5 ||    28
       Potion            |       |       |       |     1 ||     1
 Stab: Sleeping          |       |       |    18 |     5 ||    23
       Distracted        |       |       |     2 |     1 ||     3
  Eat: Chunk             |     1 |     6 |    17 |     3 ||    27
Armor: Scale mail        |    21 |       |       |       ||    21
       Ring mail         |    31 |   175 |    78 |       ||   284
       Leather armour    |       |       |    91 |    72 ||   163
Dodge: Dodged            |    19 |    98 |   141 |   105 ||   363
Block: Shield            |    55 |   178 |   235 |    29 ||   497
       Buckler           |       |       |       |    62 ||    62
